 Dungeon Crawl Stone Soup version 0.24-a0-378-g94936e539c (webtiles) character file.

Game seed: 3809636982463772668

35 MTandi the Firebug (level 3, 0/19 HPs)
             Began as a Deep Elf Fire Elementalist on June 1, 2019.
             Was an Initiate of Sif Muna.
             Succumbed to a scorpion's poison
             ... on level 2 of the Dungeon.
             The game lasted 00:07:37 (857 turns).

MTandi the Firebug (Deep Elf Fire Elementalist)      Turns: 857, Time: 00:07:37

Health: 0/19       AC:  2    Str:  6    XL:     3   Next: 17%
Magic:  1/9        EV: 13    Int: 19    God:    Sif Muna [......]
Gold:   38         SH:  0    Dex: 15    Spells: 5/8 levels left

rFire    + . .     SeeInvis .   j - +0 mace
rCold    x . .     Gourm    .   (no shield)
rNeg     . . .     Faith    .   a - +0 robe
rPois    .         Spirit   .   (no helmet)
rElec    .         Reflect  .   (no cloak)
rCorr    .         Harm     .   (no gloves)
MR       .....                  (no boots)
Stlth    ++........             (no amulet)
HPRegen  0.06/turn              e - ring of fire
MPRegen  0.11/turn              (no ring)

@: lethally poisoned (0 -> -7), very slightly contaminated
A: no striking features
a: Renounce Religion


You were on level 2 of the Dungeon.
You worshipped Sif Muna.
Sif Muna was noncommittal.
You were not hungry.

You visited 1 branch of the dungeon, and saw 2 of its levels.

You collected 38 gold pieces.

Inventory:

Hand Weapons
 j - a +0 mace (weapon)
Armour
 a - a +0 robe (worn)
Jewellery
 e - a ring of fire (left hand)
Wands
 d - a wand of clouds (4)
Scrolls
 b - a scroll of remove curse
 h - a scroll of identify
 l - a scroll of teleportation
Comestibles
 c - 3 rations
 f - a chunk of flesh


   Skills:
 - Level 2.4 Dodging
 - Level 2.4 Stealth
 - Level 3.0 Spellcasting
 + Level 2.5 Conjurations
 + Level 4.1 Fire Magic


You had 5 spell levels left.
You knew the following spells:

 Your Spells              Type           Power        Failure   Level  Hunger
a - Flame Tongue          Conj/Fire      ###..        3%          1    None
b - Throw Flame           Conj/Fire      ###...       6%          2    ##.....

Your spell library contained the following spells:

 Spells                   Type           Power        Failure   Level  Hunger
 Conjure Flame            Conj/Fire      ###.....     12%         3    ###....
 Inner Flame              Hex/Fire       ###.....     21%         3    ###....
 Sticky Flame             Conj/Fire      ###.....     36%         4    ####...
 Fireball                 Conj/Fire      ###.......   71%         5    ######.


Dungeon Overview and Level Annotations

Branches:
Dungeon (2/15)

Altars:
Sif Muna


Message History

Found a stone staircase leading up.
A dart slug comes into view.
Casting: Flame Tongue (safe; 4% risk of failure)
Confirm with . or Enter, or press ? or * to list all spells.
Aiming: Flame Tongue (safe; 4% risk of failure)
Press: ? - help, Shift-Dir - straight line, f - dart slug
Aim: a dart slug (resting)
You feel a surge of power!
The flame tongue hits the dart slug!
The dart slug is almost dead.
* * * LOW HITPOINT WARNING * * *
You feel sick.
Casting: Flame Tongue (safe; 4% risk of failure)
Confirm with . or Enter, or press ? or * to list all spells.
Aiming: Flame Tongue (safe; 4% risk of failure)
Press: ? - help, Shift-Dir - straight line, f/p - dart slug
Aim: a dart slug (almost dead)
You feel a surge of power!
The flame tongue hits the dart slug!
You kill the dart slug!
Sif Muna accepts your kill.
You die...

....###.........
.........!..^.(.
......##........
....#.##....$...
.##....#...<....
##..##.#########
#.## ... .. ##.#
######### >.#
... #..@....# .#
. #.......# .
#..†....# .
.........#
##........#
##...<...#
#.......#
#.......#


There were no monsters in sight!

Vanquished Creatures
  An adder (D:2)
  3 dart slugs
  A leopard gecko (D:1)
  2 bats
  2 hobgoblins (D:1)
  2 frilled lizards (D:2)
  5 goblins
  2 kobolds (D:1)
  3 rats (D:1)
21 creatures vanquished.

Notes
Turn   | Place    | Note
-------+----------+-------------------------------------------
     0 | D:1      | MTandi the Deep Elf Fire Elementalist began the quest for
                  | the Orb.
     0 | D:1      | Reached XP level 1. HP: 10/10 MP: 6/6
   362 | D:1      | Reached XP level 2. HP: 15/15 MP: 6/8
   695 | D:1      | Learned a level 2 spell: Throw Flame
   735 | D:2      | Found a deep blue altar of Sif Muna.
   753 | D:2      | Became a worshipper of Sif Muna the Loreminder
   843 | D:2      | Noticed a scorpion
   847 | D:2      | Reached skill level 4 in Fire Magic
   847 | D:2      | Reached XP level 3. HP: 19/19 MP: 5/9
   857 | D:2      | Succumbed to a scorpion's poison

Levels and vault maps discovered:
D:1:      minmay_arrival_up_and_down, layout_basic
D:2:      layout_rooms, lemuel_round_altar

Skill      XL: |  1  2 |
---------------+-------+-----
Conjurations   | 2 |  2.5
Fire Magic     | 4 |  4.1
Dodging        | |  2.4
Stealth        | |  2.4
Spellcasting   | |  3.0

Action                   || total
-------------------------++-------
Melee: Dagger            ||     1
 Cast: Flame Tongue      ||    37
  Use: Scroll            ||     4
Armor: Robe              ||     1
Dodge: Dodged            ||    12

Table legend:
 A = Non-vault XP
 B = Vault XP
 C = Vault XP percentage of total XP
 D = Non-vault monster count
 E = Vault monster count
 F = Vault count percentage of total count
                 A         B        C        D         E       F
            +---------+---------+-------+---------+---------+-------
      Total |      51 |       0 |   0.0 |      21 |       0 |   0.0
            +---------+---------+-------+---------+---------+-------
        D:1 |      21 |       0 |   0.0 |      12 |       0 |   0.0
        D:2 |      30 |       0 |   0.0 |       9 |       0 |   0.0
            +---------+---------+-------+---------+---------+-------
